 Dungeon Crawl Stone Soup version 0.27.1-3-gb3d3a73c9e (webtiles) character file.

Game seed: 7227515534656532433

9874 cdecastro the Severer (level 11, -2/99 HPs)
             Began as a Hill Orc Fighter on Oct 15, 2021.
             Was a Believer of the Shining One.
             Slain by a two-headed ogre (16 damage)
             ... on level 10 of the Dungeon.
             The game lasted 00:26:07 (16559 turns).

cdecastro the Severer (Hill Orc Fighter)           Turns: 16559, Time: 00:26:08

Health: -2/99      AC: 15    Str: 23    XL:     11   Next: 53%
Magic:  11/11      EV:  6    Int:  8    God:    the Shining One [**....]
Gold:   248        SH:  0    Dex: 10    Spells: 8/10 levels left

rFire    . . .     SeeInvis .   a - +0 war axe
rCold    . . .     Faith    .   (no shield)
rNeg     + . .     Spirit   .   N - +0 plate armour
rPois    .         Reflect  .   k - +0 helmet
rElec    .         Harm     .   H - +0 cloak
rCorr    .         Rampage  .   m - +0 pair of gloves
Will     .....                  (no boots)
Stlth    ..........             (no amulet)
HPRegen  0.26/turn              (no ring)
MPRegen  0.12/turn              (no ring)

@: mighty, glowing
A: no striking features
a: Renounce Religion, Divine Shield


You were on level 10 of the Dungeon.
You worshipped the Shining One.
The Shining One was pleased with you.
You visited 2 branches of the dungeon, and saw 12 of its levels.
You also visited: Sewer.

You collected 635 gold pieces.
You spent 387 gold pieces at shops.

Inventory:

Hand Weapons
 a - a +0 war axe (weapon)
 J - a +3 morningstar of freezing
Missiles
 c - 258 arrows
 e - 307 stones (quivered)
 q - 54 poisoned darts
 F - 62 sling bullets
 I - 17 bolts
 M - 11 boomerangs
Armour
 k - a +0 helmet (worn)
 m - a +0 pair of gloves (worn)
 H - a +0 cloak (worn)
 N - a +0 plate armour (worn)
Jewellery
 b - a ring of poison resistance
 G - a ring of willpower
Wands
 i - a wand of paralysis (7)
 l - a wand of digging (5)
 u - a wand of polymorph (6)
 R - a wand of flame (16)
Scrolls
 j - 3 scrolls of enchant armour
 o - 3 scrolls of enchant weapon
 r - 5 scrolls of teleportation
 v - 5 scrolls of magic mapping
 w - 2 scrolls of amnesia
 y - 2 scrolls of immolation {unknown}
 B - 4 scrolls of vulnerability {unknown}
 D - 4 scrolls of fear {unknown}
 E - a scroll of acquirement {unknown}
 K - 3 scrolls of fog {unknown}
 O - 3 scrolls of noise
 P - a scroll of silence
 Q - 2 scrolls of identify
Potions
 d - 3 potions of might
 f - a potion of haste
 g - 7 potions of brilliance
 h - 5 potions of cancellation
 n - 8 potions of heal wounds
 p - 2 potions of attraction
 s - a potion of berserk rage {unknown}
 t - 4 potions of magic
 x - 5 potions of curing
 z - a potion of flight {unknown}
 A - 2 potions of invisibility
 C - a potion of experience {unknown}
 L - a potion of resistance
 S - a potion of mutation {unknown}


   Skills:
 - Level 10.0 Fighting
 + Level 18.7 Axes
 - Level 5.0 Armour
 - Level 3.2 Shields


You had 8 spell levels left.
You knew the following spells:

 Your Spells              Type           Power      Damage    Failure   Level
a - Foxfire               Conj/Fire      0%         2x1d4     100%        1
b - Shock                 Conj/Air       0%         1d3       100%        1

Your spell library contained the following spells:

 Spells                   Type           Power      Damage    Failure   Level
 Slow                     Hex            0%         N/A       100%        2
 Confusing Touch          Hex            0%         N/A       100%        3
 Vampiric Draining        Necr           0%         2d6       100%        3


Dungeon Overview and Level Annotations

Branches:
Dungeon (11/15)            Temple (1/1) D:5            Lair (0/6) D:11
  Sewer (visited)
    Orc: D:9-12

Altars:
Ashenzari
Cheibriados
Dithmenos
Elyvilon
Fedhas
Gozag
Hepliaklqana
Kikubaaqudgha
Makhleb
Nemelex Xobeh
Okawaru
Qazlal
Ru
Sif Muna
Trog
Uskayaw
Vehumet
Wu Jian
Xom
Yredelemnul
Zin
The Shining One

Shops:
D:2 ?   D:4 ?

Annotations:
D:8 not done, 2 transporters, Icepheonix32's ghost, novice DsFi


Message History

You feel aware of your surroundings.
You sensed 2 shops/portals.
Unknown command.
e - 307 stones (gained 7)
A two-headed ogre comes into view. It is wielding two +0 giant clubs.
The two-headed ogre shouts in stereo!
The two-headed ogre moves out of view.
A yak comes into view.
The yak bellows!
You hear a bellow!
The two-headed ogre hits you with a +0 giant club.
The two-headed ogre hits you with a +0 giant club!
There is a stone staircase leading up, spattered with blood here.
The two-headed ogre hits you with a +0 giant club!!
The two-headed ogre hits you with a +0 giant club!
* * * LOW HITPOINT WARNING * * *
You climb upwards.
There is a stone staircase leading down here.
Unknown command.
You feel very mighty all of a sudden. The two-headed ogre barely misses you.
The two-headed ogre hits you with a +0 giant club!
* * * LOW HITPOINT WARNING * * *
You slash the two-headed ogre!
The two-headed ogre is moderately wounded.
You hit the two-headed ogre.
The two-headed ogre is moderately wounded.
The two-headed ogre barely misses you.
The two-headed ogre hits you but does no damage.
You hit the two-headed ogre.
The two-headed ogre is moderately wounded.
You slice the two-headed ogre!!
The two-headed ogre is severely wounded.
The two-headed ogre hits you with a +0 giant club!
* * * LOW HITPOINT WARNING * * *
The two-headed ogre hits you with a +0 giant club.
* * * LOW HITPOINT WARNING * * *
You slash the two-headed ogre!
The two-headed ogre is almost dead.
The two-headed ogre barely misses you.
The two-headed ogre hits you with a +0 giant club!
You die...

#.##.# #...........>##...##
#.##.# #.#...........##8##
#.##.# #.#.......##..###
#.#..# #.#...........# #.#.##
#.........###.# #.#.#
###.......# #.# #.#.#
#####.......# #.# #.#รท#
#......#.#### #.# #.#.#
#.####.#@# #.#
#.#.###.####.#O# ###.#
#....##.#....#.####.#.#
#######
#.......#.............#
#......
#....####....)))......#
#.#####
#....#####.#.#)###...## #.# #
#............))# ##.## #.# #
#..............####.## ##.##
#
#.#.#.#.##...........###...##
#


You could see a two-headed ogre.

Vanquished Creatures
  A two-headed ogre (D:7)
  Pikel (D:7)
  An unseen horror (D:10)
  A hornet (D:9)
  Prince Ribbit (D:5)
  2 wyverns
  19 yaks
  A steam dragon (D:8)
  3 water moccasins
  An acid dragon (D:10)
  A hornet zombie (D:7)
  An orc warrior (D:9)
  A sky beast (D:8)
  2 necrophages
  2 ogres
  3 centaurs
  Blork the orc (D:4)
  3 kobold brigands
  2 bullfrogs
  A gnoll sergeant (D:9)
  2 scorpions
  2 wyvern skeletons (D:6)
  16 killer bees
  3 jellies
  A water moccasin skeleton (D:5)
  13 wights
  6 howler monkeys
  3 bullfrog zombies
  A centaur skeleton (D:6)
  An orc priest (D:8)
  A hound (D:5)
  6 centaur zombies
  3 gnoll shamans
  A bullfrog skeleton (D:5)
  Terence (D:2)
  3 iguanas
  2 scorpion zombies (D:5)
  7 orc wizards
  2 killer bee zombies
  3 howler monkey zombies
  21 gnolls
  2 howler monkey skeletons
  5 river rats (Sewer)
  6 adders
  A shadow imp (D:6)
  3 white imps
  An adder zombie (D:5)
  2 adder skeletons (D:4)
  6 worms
  5 dart slugs
  20 orcs
  16 ball pythons
  7 bats
  5 endoplasms
  5 giant cockroaches
  9 goblins
  A hobgoblin (D:2)
  28 kobolds
  3 quokkas
  28 rats
299 creatures vanquished.

Vanquished Creatures (others)
  4 plants (D:3)
  A withered plant (D:5)
5 creatures vanquished.

Grand Total: 304 creatures vanquished

Notes
Turn   | Place    | Note
-------+----------+-------------------------------------------
     0 | D:1      | cdecastro the Hill Orc Fighter began the quest for the Orb.
     0 | D:1      | Reached XP level 1. HP: 19/19 MP: 1/1
    77 | D:1      | Reached skill level 3 in Axes
   190 | D:1      | Reached XP level 2. HP: 15/26 MP: 2/2
   454 | D:1      | Reached skill level 4 in Axes
   880 | D:2      | Reached XP level 3. HP: 31/31 MP: 3/3
   990 | D:2      | Found a faded altar of an unknown god.
  1037 | D:2      | Became a worshipper of Vehumet
  1037 | D:2      | Reached * piety under Vehumet
  1037 | D:2      | Offered knowledge of Foxfire by Vehumet.
  1040 | D:2      | Learned a level 1 spell: Foxfire
  1266 | D:2      | Reached skill level 5 in Axes
  1391 | D:2      | Found Guenidgh's Magic Scroll Shop.
  1400 | D:2      | Bought a scroll of identify for 20 gold pieces
  1400 | D:2      | Bought a scroll of teleportation for 30 gold pieces
  1538 | D:2      | Reached XP level 4. HP: 39/39 MP: 4/4
  1596 | D:2      | Offered knowledge of Shock by Vehumet.
  1718 | D:2      | Noticed Terence
  1730 | D:2      | Killed Terence
  1731 | D:2      | Reached skill level 6 in Axes
  1773 | D:3      | Noticed an ogre
  1839 | D:3      | Reached ** piety under Vehumet
  2006 | D:4      | Reached XP level 5. HP: 36/45 MP: 5/5
  2097 | D:4      | Learned a level 1 spell: Shock
  2136 | D:4      | Noticed Blork the orc
  2492 | D:4      | Killed Blork the orc
  2493 | D:4      | Reached skill level 7 in Axes
  2704 | D:4      | Offered knowledge of Ignite Poison by Vehumet.
  2725 | D:4      | Reached skill level 8 in Axes
  2725 | D:4      | Reached XP level 6. HP: 43/51 MP: 6/6
  3005 | D:4      | Found Ohuob's Magic Scroll Shop.
  3391 | D:5      | Entered Level 5 of the Dungeon
  3423 | D:5      | Reached skill level 9 in Axes
  3602 | D:5      | Reached *** piety under Vehumet
  3688 | D:5      | Reached skill level 10 in Axes
  3688 | D:5      | Reached XP level 7. HP: 57/57 MP: 7/7
  4147 | D:5      | Found a staircase to the Ecumenical Temple.
  4347 | D:5      | Reached skill level 11 in Axes
  4385 | D:5      | Noticed Prince Ribbit
  4403 | D:5      | Killed Prince Ribbit
  4404 | D:5      | Reached XP level 8. HP: 38/64 MP: 8/8
  4672 | D:5      | Reached skill level 12 in Axes
  5479 | D:6      | Offered knowledge of Airstrike by Vehumet.
  5489 | D:6      | Reached skill level 13 in Axes
  5598 | D:6      | Found a glowing drain.
  5620 | Sewer    | Entered a sewer
  5913 | Sewer    | Reached **** piety under Vehumet
  6175 | Sewer    | Offered knowledge of Inner Flame by Vehumet.
  6601 | D:6      | Reached skill level 14 in Axes
  6601 | D:6      | Reached XP level 9. HP: 69/70 MP: 9/9
  7592 | Temple   | Entered the Ecumenical Temple
  7720 | Temple   | Fell from the grace of Vehumet
  7720 | Temple   | Became a worshipper of the Shining One
  8551 | D:7      | Reached skill level 15 in Axes
  9128 | D:7      | Reached * piety under the Shining One
  9817 | D:8      | Reached skill level 16 in Axes
 10131 | D:8      | Noticed Pikel
 10155 | D:7      | Killed Pikel
 10156 | D:7      | Reached XP level 10. HP: 53/84 MP: 10/10
 11012 | D:8      | Noticed a two-headed ogre
 11336 | D:9      | Paralysed by a hornet for 2 turns
 11338 | D:9      | The Shining One protects you from harm!
 11719 | D:3      | Was forgiven by Vehumet
 11900 | D:3      | Found a glowing silver altar of Zin.
 12291 | D:3      | Found a white marble altar of Elyvilon.
 12458 | D:2      | Bought a scroll of enchant weapon for 75 gold pieces
 12458 | D:2      | Bought a scroll of enchant armour for 75 gold pieces
 12458 | D:2      | Bought a scroll of magic mapping for 35 gold pieces
 12458 | D:2      | Bought a scroll of noise for 10 gold pieces
 12530 | D:4      | Bought a scroll of silence for 97 gold pieces
 12530 | D:4      | Bought a scroll of amnesia for 45 gold pieces
 12624 | D:7      | Killed a two-headed ogre
 12625 | D:7      | Reached skill level 10 in Fighting
 12882 | D:8      | Found a transporter.
 13121 | D:8      | Reached ** piety under the Shining One
 13131 | D:8      | Found a transporter.
 13135 | D:8      | Noticed Icepheonix32's ghost (novice DsFi)
 13188 | D:8      | Reached skill level 5 in Armour
 13696 | D:9      | Identified the +6 hand axe "Orb Guardian's Curse" {holy,
                  | rCorr Str+4 Int-2}
 14189 | D:8      | Reached skill level 17 in Axes
 14189 | D:8      | Reached XP level 11. HP: 81/99 MP: 11/11
 14893 | D:9      | Reached skill level 18 in Axes
 15159 | D:10     | Entered Level 10 of the Dungeon
 15230 | D:10     | Found an iron altar of Okawaru.
 15244 | D:10     | Found a blossoming altar of Fedhas.
 16393 | D:10     | Found an ornate altar of the Wu Jian Council.
 16526 | D:11     | Noticed a two-headed ogre
 16559 | D:10     | Slain by a two-headed ogre

Illustrated notes

Levels and vault maps discovered:
D:1:      giann_wishing_wells, layout_basic, serial_bayou_pond_c
D:2:      layout_basic, serial_shops, nicolae_shop_statue_plus,
          hellmonk_ecumenical_altar_lost_god, uniq_terence
D:3:      wad_woods_pond, layout_loops_corners,
          mainiacjoe_overflow_concentric_impassable, marbit_many_paths
D:4:      layout_loops_cross, serial_shops, nicolae_shop_behind_doors,
          uniq_blork_the_orc
D:5:      layout_basic, minmay_temple_entry_from_below_a, serial_undead,
          serial_undead_d, serial_undead_e, serial_undead_f, serial_undead_c,
          kennysheep_generic_room_11, uniq_prince_ribbit1
D:6:      layout_basic, cheibrodos_sewer_entry_bend
D:7:      layout_basic
D:8:      layout_rooms, gammafunk_ghost_stat_death, minmay_increasing_density,
          uniq_pikel
D:9:      layout_small_grid
D:10:     layout_loops_ring, amcnicky_altar_gilded, nzn_wu_jian_council_hall,
          mainiacjoe_overflow_24_doors
D:11:     layout_loops_ring, erik_lair_orcish_takeover, serial_shops, shop,
          gauntlet_entry_generic, minivault_16, nicolae_looking_at_the_future,
          uniq_josephine
Temple:   minmay_crystal_spiral_temple

Skill      XL: |  1  2  3  4  5  6  7  8  9 10 11 |
---------------+----------------------------------+-----
Axes           | 3 4 5 6 8 10 11 14 16 17 18 | 18.7
Fighting       | 6 10 | 10.0
Armour         | 5 |  5.0
Shields        | |  3.2

Action                   |  1- 3 |  4- 6 |  7- 9 | 10-12 || total
-------------------------+-------+-------+-------+-------++-------
Melee: War axe           |   109 |   153 |   383 |   351 ||   996
       Unarmed           |       |    10 |       |       ||    10
  Use: Scroll            |       |       |       |     9 ||     9
       Potion            |       |       |       |     4 ||     4
Armor: Scale mail        |    61 |    72 |   163 |       ||   296
       Skin              |       |     2 |       |       ||     2
       Plate armour      |       |       |     5 |   149 ||   154
Dodge: Dodged            |    64 |    65 |   157 |   107 ||   393
Block: Kite shield       |     9 |       |       |       ||     9
